 Dungeon Crawl Stone Soup version 0.30.1-11-g7821555f0a (webtiles) character file.

Game seed: 8274539931315579270

73 Vulpanium the Chiller (level 4, 0/30 HPs)
             Began as a Demonspawn Ice Elementalist on Dec 3, 2023.
             Was an Initiate of Ashenzari.
             Slain by an elf zombie (2 damage)
             ... in an ossuary.
             The game lasted 00:09:04 (2886 turns).

Vulpanium the Chiller (Demonspawn Ice Elementalist) Turns: 2886, Time: 00:09:04

Health: 0/30       AC: 10    Str: 13    XL:     4   Next: 8%
Magic:  5/8        EV: 10    Int: 18    God:    Ashenzari [......]
Gold:   98         SH:  0    Dex: 11    Spells: 7/8 levels left

rFire   + . .        d - +0 quarterstaff
rCold   . . .        (shield currently unavailable)
rNeg    . . .        g - +4 scale mail of Cowardice {Fly rF+ Str+5 Dex-3}
rPois   .            (no helmet)
rElec   .            (no cloak)
rCorr   .            (no gloves)
SInv    .            (no boots)
Will    .....        (no amulet)
Stlth   +            (no ring)
HPRegen 0.25/turn    (no ring)
MPRegen 0.11/turn

%: no passive effects
@: flying
A: foul stench 1, sturdy frame 1, demonic magic 1
a: Renounce Religion


You were in an ossuary.
You worshipped Ashenzari.
Ashenzari was noncommittal.
You visited 1 branch of the dungeon, and saw 4 of its levels.
You also visited: Ossuary.

You collected 98 gold pieces.

Inventory:

Hand Weapons
 d - a +0 quarterstaff (weapon)
Armour
 a - a +0 robe
 g - the +4 scale mail of Cowardice (worn) {Fly rF+ Str+5 Dex-3}
   (You found it on level 2 of the Dungeon)

   Str:       It affects your strength (+5).
   Dex:       It affects your dexterity (-3).
   rF:        It protects you from fire.
   Fly:       It grants you flight.
Scrolls
 e - a scroll of fear {unknown}
 f - 3 scrolls of identify {unknown}
 h - a scroll of magic mapping {unknown}
 j - a scroll of amnesia {unknown}
 l - a scroll of teleportation {unknown}
 m - a scroll of blinking {unknown}
Potions
 b - 2 potions of magic
 c - 3 potions of curing {unknown}
 i - a potion of degeneration {unknown}
 k - a potion of lignification {unknown}


   Skills:
 * Level 1.1 Staves
 + Level 0.2 Armour
 + Level 1.8 Dodging
 + Level 2.0 Stealth
 + Level 2.7 Spellcasting
 + Level 4.3 Ice Magic


You had 7 spell levels left.
You knew the following spells:

 Your Spells              Type           Power      Damage    Failure   Level
a - Freeze                Ice            72%        1d8       8%          1

Your spell library contained the following spells:

 Spells                   Type           Power      Damage    Failure   Level
 Frozen Ramparts          Ice            36%        1d6       24%         3
 Ozocubu's Armour         Ice            18%        N/A       24%         3
 Beastly Appendage        Tmut           4%         N/A       43%         1
 Wereblood                Tmut           2%         N/A       56%         2
 Spider Form              Tmut/Pois      2%         N/A       80%         3
 Summon Ice Beast         Ice/Summ       10%        N/A       88%         4


Dungeon Overview and Level Annotations

Branches:
Dungeon (4/15)            Ossuary (1/1)
 Temple: D:4-7

Altars:
Ashenzari
Xom
Yredelemnul


Innate Abilities, Weirdness & Mutations

You may rarely emit foul miasma when damaged in melee.
Your movements are slightly less encumbered by armour. (ER -2)
Spells you cast may paralyse adjacent enemies.


Message History

Your magical contamination has completely faded away.
You hit the elf zombie.
The elf zombie is lightly damaged.
The elf zombie barely misses you.
You hit the elf zombie.
The elf zombie is moderately damaged.
The elf zombie hits you but does no damage.
You closely miss the elf zombie.
The elf zombie is moderately damaged.
The elf zombie hits you.
You barely miss the elf zombie.
The elf zombie is moderately damaged.
You closely miss the elf zombie.
The elf zombie is moderately damaged.
The elf zombie hits you but does no damage.
You hit the elf zombie but do no damage.
The elf zombie is moderately damaged.
The elf zombie closely misses you.
You sock the elf zombie!
The elf zombie is moderately damaged.
The elf zombie misses you.
You barely miss the elf zombie.
The elf zombie is moderately damaged.
The elf zombie hits you. The elf zombie closely misses you.
You hit the elf zombie.
The elf zombie is heavily damaged.
The elf zombie hits you.
* * * LOW HITPOINT WARNING * * *
You barely miss the elf zombie.
The elf zombie is heavily damaged.
The elf zombie hits you.
* * * LOW HITPOINT WARNING * * *
You hit the elf zombie.
The elf zombie is heavily damaged.
You hit the elf zombie but do no damage.
The elf zombie is heavily damaged.
The elf zombie hits you.
* * * LOW HITPOINT WARNING * * *
You emit a cloud of foul miasma!
The elf zombie hits you.
You die...

#. #.∩# #..
#..# ##.. ##..#
#.... #...#
#.... #...#
##....# ##...#
#......#+#....#
........Z.....#
........@.....#
###############


You could see an elf zombie.

Vanquished Creatures
  An adder (D:2)
  A worm (D:3)
  A dart slug (D:1)
  3 orcs
  6 endoplasms
  5 goblins
  5 hobgoblins
  9 kobolds
  3 ball pythons
  4 bats
  4 frilled lizards
  2 jackal zombies (Ossuary)
  2 kobold zombies (Ossuary)
  A quokka zombie (Ossuary)
  9 rats
56 creatures vanquished.

Notes
Turn   | Place    | Note
-------+----------+-------------------------------------------
     0 | D:1      | Vulpanium the Demonspawn Ice Elementalist began the quest
                  | for the Orb.
     0 | D:1      | Reached XP level 1. HP: 13/13 MP: 3/3
   343 | D:1      | Gained mutation: You may rarely emit foul miasma when
                  | damaged in melee. [demonic ancestry]
   343 | D:1      | Reached XP level 2. HP: 16/19 MP: 0/5
   414 | D:1      | Reached skill level 4 in Ice Magic
  1306 | D:2      | Gained mutation: Spells you cast may paralyse adjacent
                  | enemies. [demonic ancestry]
  1306 | D:2      | Reached XP level 3. HP: 5/24 MP: 6/6
  1493 | D:2      | Found a shimmering altar of Xom.
  1583 | D:2      | Identified the +4 scale mail of Cowardice {Fly rF+ Str+5
                  | Dex-3}
  2040 | D:3      | Found a broken altar of Ashenzari.
  2052 | D:3      | Found a basalt altar of Yredelemnul.
  2063 | D:3      | Reached skill level 1 in Staves
  2107 | D:3      | Became a worshipper of Ashenzari the Shackled
  2742 | D:4      | Gained mutation: Your movements are slightly less
                  | encumbered by armour. (ER -2) [demonic ancestry]
  2742 | D:4      | Reached XP level 4. HP: 22/30 MP: 8/8
  2757 | D:4      | Found a sand-covered staircase.
  2828 | Ossuary  | Entered an ossuary
  2886 | Ossuary  | Slain by an elf zombie

Illustrated notes

Levels and vault maps discovered:
D:1:      psy_arrival_fountain, layout_basic, minivault_26
D:2:      layout_rooms, minmay_hexomino_r4
D:3:      layout_loops_ring, grunt_temple_overflow_open
D:4:      gammafunk_steamed_eel, layout_basic,
          mainiacjoe_overflow_cross_hatched, minitemple,
          nicolae_ossuary_entry_ruins, uniq_blork_the_orc
Ossuary:  minmay_ossuary_two_tombs

Skill      XL: |  1  2  3 |
---------------+----------+-----
Ice Magic      | 4 |  4.3
Staves         | 1 |  1.1
Stealth        | 2 |  2.0
Armour         | |  0.2
Dodging        | |  1.8
Spellcasting   | |  2.7

Action                     |  1- 3 |  4- 6 || total
---------------------------+-------+-------++-------
  Melee: Unarmed           |    24 |       ||    24
         Quarterstaff      |    42 |    29 ||    71
   Cast: Freeze            |    55 |     8 ||    63
    Use: Scroll            |     1 |       ||     1
   Stab: Sleeping          |     1 |       ||     1
         Paralysed         |     2 |       ||     2
 Armour: Robe              |    17 |       ||    17
         Scale mail        |    17 |    16 ||    33
  Dodge: Dodged            |    66 |    16 ||    82
